 Dungeon Crawl Stone Soup version 0.17.1-3-g152610e (webtiles) character file.

58 Gargoyl the Skirmisher (level 3, 0/29 HPs)
             Began as a Demonspawn Abyssal Knight on Apr 21, 2016.
             Was a Believer of Lugonu.
             Succumbed to an adder's poison
             ... on level 2 of the Dungeon.
             The game lasted 00:02:28 (1026 turns).

Gargoyl the Skirmisher (Demonspawn Abyssal Knight)  Turns: 1026, Time: 00:02:28

Health: 0/29       AC: 11    Str: 13    XL:     3   Next: 75%
Magic:  5/5        EV:  3    Int: 13    God:    Lugonu [**....]
Gold:   50         SH:  0    Dex: 12    Spells: 0 memorised, 2 levels left

rFire  . . .     SeeInvis +     a - +1 hand axe
rCold  . . .     Clarity  .     d - +0 plate armour
rNeg   . . .     SustAt   .     (no shield)
rPois  .         Gourm    .     (no helmet)
rElec  .         Spirit   .     (no cloak)
rCorr  +         Warding  .     (no gloves)
rMut   .         Stasis   .     (no boots)
MR     .....                    f - amulet of resist corrosion
Stlth  ..........               (no ring)
                                e - ring of see invisible

@: lethally poisoned (0 -> -12), not resistant to hostile enchantments,
extremely unstealthy
A: claws 1, powered by death 1, wild magic 1
a: Depart the Abyss, Bend Space, Renounce Religion


You were on level 2 of the Dungeon.
You worshipped Lugonu.
Lugonu was pleased with you.
You were hungry.

You visited 1 branch of the dungeon, and saw 2 of its levels.
You visited the Abyss 1 time.

You collected 50 gold pieces.

Inventory:

Hand Weapons
 a - a +1 hand axe (weapon)
Missiles
 i - 4 javelins (quivered)
Armour
 d - a +0 plate armour (worn)
Jewellery
 e - a ring of see invisible (left claw)
 f - an amulet of resist corrosion (around neck)
 m - an uncursed ring of protection from magic {unknown}
Scrolls
 b - 2 scrolls of remove curse {unknown}
 j - 3 scrolls of enchant weapon {unknown}
 k - a scroll of identify {unknown}
 n - a scroll of amnesia {unknown}
Comestibles
 c - a bread ration
 g - a beef jerky
 h - a meat ration


   Skills:
 + Level 3.4 Fighting
 + Level 2.0 Axes
 * Level 2.8 Armour
 + Level 1.0 Dodging
 + Level 3.4 Invocations


You had 2 spell levels left.
You didn't know any spells.

Dungeon Overview and Level Annotations

Branches:
Dungeon (2/15)

Altars:


Innate Abilities, Weirdness & Mutations

You have sharp fingernails.
You regenerate a little health from kills.
Your spells are a little harder to cast, but a little more powerful.


Message History

You hit the adder but do no damage.
The adder is almost dead.
* * * LOW HITPOINT WARNING * * *
You feel sick. The adder bites you but does no damage. The adder bites you.
* * * LOW HITPOINT WARNING * * *
You closely miss the adder.
The adder is almost dead.
* * * LOW HITPOINT WARNING * * *
You feel sick. The adder bites you.
* * * LOW HITPOINT WARNING * * *
The adder bites you but does no damage.
Drink which item? (? for menu, Esc to quit)
It was a potion of beneficial mutation.
You feel less in control of your magic.
You feel fantastic!
* * * LOW HITPOINT WARNING * * *
You feel sick. The adder bites you but does no damage.
Your plate armour prevents you from hitting the adder.
The adder is almost dead.
You die...

..........###.....# ....
##.#......###.....# ###
..................####..
###.#.......#............
#.#.......#.#'###......
#.#.......#...###......
#..S......#.....#######
#.###.#####...#.# #####
... #.@# #.#.#.###.... ##
##S# #.#.#........
PPP≈≈PP≈.# ###†#.#....##
≈≈♣P≈PPPP≈# #.#.#....#
P≈≈≈≈≈≈≈≈.P≈...#.#....#
≈P.≈P≈♣♣≈≈PPPP.#.#....##
##..≈P ≈≈♣♣≈PPP#.#....†.
####≈ ♣≈♣≈≈P.#.####### #P
♣♣♣≈≈P..


You could see 2 adders.

Vanquished Creatures
  3 adders (D:2)
  An ooze (D:1)
  2 ball pythons (D:1)
  3 hobgoblins (D:1)
  6 bats
  3 goblins (D:1)
  3 jackals (D:1)
  8 kobolds
  4 rats (D:1)
33 creatures vanquished.

Notes
Turn   | Place    | Note
--------------------------------------------------------------
     0 | Abyss:1  | Gargoyl the Demonspawn Abyssal Knight began the quest for the Orb.
     0 | Abyss:1  | Reached XP level 1. HP: 18/18 MP: 2/2
    34 | Abyss:2  | Found a corrupted altar of Lugonu.
    74 | Abyss:2  | Noticed a tormentor
    80 | Abyss:2  | Noticed a small abomination
    80 | Abyss:2  | Noticed a ynoxinul
    80 | D:1      | Escaped the Abyss
   411 | D:1      | Gained mutation: You regenerate a little health from kills. [demonic ancestry]
   411 | D:1      | Reached XP level 2. HP: 10/24 MP: 3/3
   418 | D:1      | Reached * piety under Lugonu
   830 | D:2      | Gained mutation: You have sharp fingernails. [demonic ancestry]
   830 | D:2      | Reached XP level 3. HP: 29/29 MP: 5/5
   877 | D:2      | Reached skill level 1 in Dodging
   982 | D:2      | Reached ** piety under Lugonu
  1025 | D:2      | Gained mutation: Your spells are a little harder to cast, but a little more powerful. [potion of beneficial mutation]
  1025 | D:2      | HP: 1/29 [poisoned by an adder]
  1026 | D:2      | Succumbed to an adder's poison

Action                   || total
-------------------------++-------
Melee: Hand axe          ||   130
Invok: Depart the Abyss  ||     1
  Use: Potion            ||     1
